 Dungeon Crawl Stone Soup version 0.26-a0-259-g1effd001a9 (webtiles) character file.

Game seed: 13655001998409467191

10051 sanka the Fighter (level 11, -3/95 HPs)
             Began as a Barachi Ice Elementalist on July 10, 2020.
             Was a Believer of Vehumet.
             Slain by a spectral orc knight
             ... wielding a +3 great sword
             ... summoned by Nergalle
              (11 damage)
             ... on level 11 of the Dungeon.
             The game lasted 00:22:08 (15279 turns).

sanka the Fighter (Barachi Ice Elementalist)       Turns: 15279, Time: 00:22:09

Health: -3/95      AC: 10    Str:  9    XL:     11   Next: 56%
Magic:  4/19       EV: 17    Int: 22    God:    Vehumet [**....]
Gold:   736        SH:  0    Dex: 13    Spells: 9/20 levels left

rFire    + . .     SeeInvis .   b - +3 scimitar (flame)
rCold    + . .     Faith    .   (no shield)
rNeg     . . .     Spirit   .   M - +0 leather armour {rC+}
rPois    .         Reflect  .   t - +2 helmet {Int+3}
rElec    .         Harm     .   (no cloak)
rCorr    .                      (no gloves)
MR       .....                  (no boots)
Stlth    +.........             (no amulet)
HPRegen  0.25/turn              F - ring of protection from fire
MPRegen  0.16/turn              O - +4 ring of protection

@: lethally poisoned (-3 -> -4), can't hop, slowed, drained, very slow
A: +LOS, swims, slowness 1, strong legs 1
a: Hop, Renounce Religion


You were on level 11 of the Dungeon.
You worshipped Vehumet.
Vehumet was pleased with you.
You were hungry.

You visited 3 branches of the dungeon, and saw 13 of its levels.

You collected 736 gold pieces.


Innate Abilities, Weirdness & Mutations

You can be seen from farther away. (+LOS)
You can swim through water.
You cover ground slowly.
You can hop short distances.


   Skills:
 - Level 12.0(10.9) Fighting
 - Level 11.4(10.3) Dodging
 - Level 1.7(0.9) Stealth
 + Level 5.4(4.5) Spellcasting
 - Level 4.0(3.1) Summonings
 - Level 11.0(9.9) Ice Magic


You had 9 spell levels left.
You knew the following spells:

 Your Spells              Type           Power        Failure   Level
a - Ozocubu's Armour      Chrm/Ice       ####....     6%          3
x - Summon Ice Beast      Ice/Summ       ####....     10%         4
y - Frozen Ramparts       Ice            #####.       1%          3
z - Freeze                Ice            ####         1%          1

Your spell library contained the following spells:

 Spells                   Type           Power        Failure   Level
 Sandblast                Erth           #.....       16%         1
 Shock                    Conj/Air       #...         16%         1
 Hailstorm                Conj/Ice       ####....     19%         4
 Swiftness                Chrm/Air       #.......     22%         2
 Static Discharge         Conj/Air       #.......     41%         3
 Airstrike                Air            #.........   83%         4
 Lightning Bolt           Conj/Air       #.........   99%         5

Inventory:

Hand Weapons
 a - a +0 hunting sling
 b - a +3 scimitar of flaming (weapon)
 y - a +0 halberd
 G - the cursed +2 war axe "Lixip" {vorpal, rF+++ SInv Stlth-}

   It inflicts extra damage upon your enemies.
   It renders you almost immune to fire.
   It lets you see invisible.
   It makes you less stealthy.
   It has a curse placed upon it.
Missiles
 n - 18 boomerangs (quivered)
 p - 20 sling bullets
 r - 220 stones
Armour
 t - a +2 helmet of intelligence (worn)
 M - a +0 leather armour of cold resistance (worn)
Jewellery
 F - a ring of protection from fire (left hand)
 K - an uncursed ring of fire
 O - a +4 ring of protection (right hand)
Wands
 o - a wand of polymorph (13)
 D - a wand of paralysis (4)
 H - a wand of random effects (39)
 L - a wand of disintegration (3)
Scrolls
 h - a scroll of enchant weapon {unknown}
 i - a scroll of teleportation {@r4}
 k - 4 scrolls of immolation {!r}
 m - 4 scrolls of remove curse
 s - 3 scrolls of magic mapping
 u - 2 scrolls of amnesia
 w - a scroll of fog {unknown}
 x - 3 scrolls of noise {!r}
 A - 3 scrolls of random uselessness
 B - 4 scrolls of fear
 J - a scroll of silence {unknown}
 P - a scroll of torment {unknown}
Potions
 e - a potion of degeneration {unknown}
 f - 3 potions of flight {unknown}
 g - 4 potions of curing {@q1}
 j - 3 potions of heal wounds {@q2}
 l - 2 potions of cancellation {unknown}
 q - a potion of invisibility {unknown}
 v - a potion of resistance {unknown}
 z - a potion of brilliance {unknown}
 C - 2 potions of berserk rage {unknown}
 I - 2 potions of stabbing {unknown}
 N - a potion of lignification {unknown}
Comestibles
 c - 36 rations

Dungeon Overview and Level Annotations

Branches:
Dungeon (11/15)            Temple (1/1) D:4            Lair (1/6) D:9
    Orc: D:9-12

Altars:
Ashenzari
Cheibriados
Dithmenos
Elyvilon
Fedhas
Gozag
Hepliaklqana
Kikubaaqudgha
Makhleb
Nemelex Xobeh
Okawaru
Qazlal
Ru
Sif Muna
Trog
Uskayaw
Vehumet
Wu Jian
Xom
Yredelemnul
Zin
The Shining One

Annotations:
D:11 Nergalle

▒▒▒ ▒▒▒ ▒▒.▒▒
...▒▒▒ ▒▒.(.▒
.....▒
▒▒(▒(.▒▒▒▒.....
▒.(<().......▒
▒▒F▒÷........▒
▒▒ZZ........▒
▒.Z.........▒
▒▒.ZZ.......▒▒▒▒▒
▒▒▒oZ........▒▒.▒▒
▒▒.▒..............▒
▒..............▒.▒▒
▒▒.▒.Z..........▒▒
▒▒▒▒.#.........▒▒


You could see Nergalle, a spectral orc (summoned), 4 spectral orc warriors and 2
spectral orc knights.


Message History

Unknown command.
Your icy armour cracks and falls away as you move.
You feel sick.
The spectral orc warrior hits your ice beast with a +0 trident of venom!
Your ice beast dies!
Your ice beast closely misses Nergalle.
Nergalle completely resists.
The wall freezes Nergalle but do no damage.
The spectral orc warrior resists.
The wall freezes the spectral orc warrior.
The spectral orc warrior resists.
The wall freezes the spectral orc warrior.
The spectral orc warrior resists.
The wall freezes the spectral orc warrior.
The spectral orc warrior hits your ice beast but does no damage.
Your ice beast closely misses Nergalle.
The spectral orc knight hits you with a +3 great sword.
* * * LOW HITPOINT WARNING * * *
The spectral orc knight resists.
The wall freezes the spectral orc knight.
The frozen ramparts melt away.
You feel sick.
Your ice beast completely misses Nergalle.
The spectral orc warrior hits you but does no damage.
The spectral orc warrior hits you but does no damage.
Unknown command.
Unknown command.
You feel sick.
The spectral orc knight hits you with a +3 great sword!
You die...

Action                   |  1- 3 |  4- 6 |  7- 9 | 10-12 || total
-------------------------+-------+-------+-------+-------++-------
Melee: Unarmed           |     7 |     1 |       |       ||     8
       Hunting sling     |       |     1 |       |     1 ||     2
       Spear             |       |       |    20 |     3 ||    23
       Scimitar          |       |       |       |     4 ||     4
 Fire: Hunting sling     |       |   101 |   282 |   141 ||   524
Throw: Stone             |     1 |     1 |       |       ||     2
 Cast: Freeze            |    43 |    35 |    76 |    82 ||   236
       Frozen Ramparts   |       |     6 |    18 |    35 ||    59
       Ozocubu's Armour  |       |       |     8 |     7 ||    15
       Summon Ice Beast  |       |       |       |     5 ||     5
 Abil: Hop               |       |       |       |     3 ||     3
Evoke: Wand              |       |       |       |    13 ||    13
  Use: Scroll            |       |       |     2 |    10 ||    12
       Potion            |       |       |       |     4 ||     4
  Eat: Ration            |     1 |     3 |     6 |     4 ||    14
Armor: Robe              |     4 |     9 |    31 |     2 ||    46
       Leather armour    |       |       |       |    40 ||    40
Dodge: Dodged            |    23 |    29 |   121 |   134 ||   307
       Rpst.: Scimitar   |       |       |       |     3 ||     3

Levels and vault maps discovered:
D:1:      elethiomel_arrival_infinity_welcomes_careful_drivers, layout_basic,
          serial_bayou_pond_a
D:2:      mumra_celtic_spiral_tile, layout_basic, uniq_sigmund
D:3:      layout_basic, chequers_ecumenical_altar_island, bloody_makhleb,
          uniq_robin
D:4:      layout_basic, minmay_temple_entry_glass
D:5:      layout_cave_pools, first_ration, minivault_5
D:6:      layout_cave_pools, grunt_dithmenos_smoke_and_mirrors, uniq_eustachio
D:7:      layout_loops_cross
D:8:      layout_gridville, vehumet_crystals
D:9:      layout_roguey, erik_lair_dragon
D:10:     layout_loops_corners
D:11:     layout_cross, hangedman_stone_soup, uniq_erica, uniq_nergalle
Temple:   nicolae_temple_the_god_donut
Lair:1:   layout_cellular_growth

Notes
Turn   | Place    | Note
-------+----------+-------------------------------------------
     0 | D:1      | sanka the Barachi Ice Elementalist began the quest for the
                  | Orb.
     0 | D:1      | Reached XP level 1. HP: 13/13 MP: 3/3
   253 | D:1      | Reached skill level 5 in Ice Magic
   253 | D:1      | Reached XP level 2. HP: 17/19 MP: 1/5
  1194 | D:2      | Reached XP level 3. HP: 24/24 MP: 2/7
  1199 | D:2      | Learned a level 3 spell: Frozen Ramparts
  1203 | D:2      | Learned a level 3 spell: Ozocubu's Armour
  1330 | D:2      | Reached skill level 3 in Spellcasting
  1751 | D:2      | Reached skill level 6 in Ice Magic
  1797 | D:2      | Reached XP level 4. HP: 24/30 MP: 5/8
  1934 | D:2      | Noticed Sigmund
  1938 | D:2      | Killed Sigmund
  1938 | D:2      | Reached skill level 7 in Ice Magic
  1938 | D:2      | Reached XP level 5. HP: 35/35 MP: 3/9
  2196 | D:2      | Reached skill level 8 in Ice Magic
  2835 | D:3      | Reached XP level 6. HP: 41/41 MP: 8/10
  3462 | D:3      | Noticed Robin
  3476 | D:3      | Killed Robin
  3707 | D:3      | Reached skill level 9 in Ice Magic
  3772 | D:3      | Found a faded altar of an unknown god.
  3938 | D:3      | Found a burning altar of Makhleb.
  4059 | D:4      | Found a staircase to the Ecumenical Temple.
  4082 | Temple   | Entered the Ecumenical Temple
  4763 | D:4      | Reached XP level 7. HP: 46/46 MP: 11/11
  5529 | D:5      | Entered Level 5 of the Dungeon
  5727 | D:5      | Reached skill level 10 in Ice Magic
  6087 | D:5      | Reached skill level 1 in Fighting
  6270 | D:5      | Reached skill level 2 in Fighting
  6270 | D:5      | Reached skill level 3 in Dodging
  6813 | D:6      | Reached XP level 8. HP: 31/56 MP: 8/12
  7068 | D:6      | Identified the cursed +2 war axe "Lixip" {vorpal, rF+++
                  | SInv Stlth-}
  7078 | D:6      | Reached skill level 3 in Fighting
  7078 | D:6      | Reached skill level 4 in Dodging
  7218 | D:6      | Noticed Eustachio
  7227 | D:6      | Killed Eustachio
  7227 | D:6      | Reached skill level 4 in Fighting
  7385 | D:6      | Found a shadowy altar of Dithmenos.
  7452 | D:6      | Reached skill level 5 in Dodging
  7452 | D:6      | Reached skill level 11 in Ice Magic
  7591 | D:6      | Reached skill level 5 in Fighting
  8302 | D:7      | Reached XP level 9. HP: 61/68 MP: 9/13
  8359 | D:7      | Reached skill level 6 in Dodging
  8568 | D:7      | Reached skill level 6 in Fighting
  9026 | D:8      | Found a radiant altar of Vehumet.
  9035 | D:8      | Became a worshipper of Vehumet
  9171 | D:8      | Reached skill level 7 in Fighting
  9384 | D:8      | Reached skill level 7 in Dodging
 10295 | D:9      | Reached skill level 8 in Fighting
 10299 | D:9      | Reached skill level 8 in Dodging
 10306 | D:9      | Reached skill level 9 in Fighting
 10306 | D:9      | Reached XP level 10. HP: 72/83 MP: 5/14
 10545 | D:9      | Reached * piety under Vehumet
 10545 | D:9      | Offered knowledge of Magic Dart by Vehumet.
 10691 | D:9      | Reached skill level 9 in Dodging
 11431 | D:9      | Reached skill level 10 in Fighting
 11487 | D:9      | Found a staircase to the Lair.
 11618 | Lair:1   | Entered Level 1 of the Lair of Beasts
 11999 | Lair:1   | Noticed a black mamba
 12006 | Lair:1   | Killed a black mamba
 12006 | Lair:1   | Reached skill level 10 in Dodging
 12571 | Lair:1   | Reached skill level 11 in Fighting
 13061 | D:10     | Entered Level 10 of the Dungeon
 13550 | D:10     | Offered knowledge of Sandblast by Vehumet.
 13644 | D:10     | Reached ** piety under Vehumet
 13652 | D:10     | Reached XP level 11. HP: 93/93 MP: 11/15
 13674 | D:10     | Reached skill level 11 in Dodging
 13936 | D:10     | Killed an unseen horror
 14433 | D:11     | Reached skill level 12 in Fighting
 14443 | D:11     | Noticed a six-headed hydra
 14454 | D:10     | Learned a level 4 spell: Summon Ice Beast
 14563 | D:11     | Noticed a cyclops
 14566 | D:11     | Noticed a cyan ugly thing
 14779 | D:11     | Noticed Erica
 14910 | D:11     | Killed a cyan ugly thing
 14910 | D:11     | Reached skill level 1 in Summonings
 14911 | D:11     | Killed an unseen horror
 14911 | D:11     | Reached skill level 2 in Summonings
 14919 | D:11     | Killed a cyclops
 14919 | D:11     | Reached skill level 4 in Spellcasting
 14919 | D:11     | Reached skill level 3 in Summonings
 15017 | D:11     | Killed a six-headed hydra
 15241 | D:11     | Noticed Nergalle
 15254 | D:11     | Killed Erica
 15254 | D:11     | Reached skill level 5 in Spellcasting
 15254 | D:11     | Reached skill level 4 in Summonings
 15277 | D:11     | HP: 9/95 [spectral orc knight/+3 great sword[Nergalle] (6)]
 15279 | D:11     | Slain by a spectral orc knight

Vanquished Creatures
  Erica (D:11)
  2 unseen horrors
  An ugly thing (D:11)
  A cyclops (D:11)
  A black mamba (Lair:1)
  A komodo dragon (Lair:1)
  2 hippogriffs
  Sigmund (D:2)
  6 yaks (D:9)
  Eustachio (D:6)
  An acid dragon (D:9)
  4 water moccasins (Lair:1)
  7 orc warriors
  A black bear (D:6)
  An eye of draining (D:5)
  A phantom (D:7)
  3 wolves (Lair:1)
  3 ogres
  6 crocodiles
  4 centaurs
  4 bullfrogs
  4 scorpions
  9 killer bees (D:10)
  2 bullfrog zombies
  7 hounds
  4 jellies
  A centaur skeleton (D:11)
  3 iguanas
  13 orc wizards
  11 orc priests
  2 bullfrog skeletons (D:5)
  2 worker ants
  A hound zombie (D:11)
  A hound skeleton (D:4)
  Robin (D:3)
  14 adders
  3 gnolls (D:3)
  2 shadow imps
  2 ufetubi
  2 oozes (D:1)
  2 adder zombies (D:6)
  2 adder skeletons
  A dart slug (D:1)
  5 leopard geckos
  46 orcs
  4 bats
  2 giant cockroaches
  16 goblins
  14 hobgoblins
  4 jackals (D:3)
  5 kobolds
  7 quokkas
  3 ball pythons
  2 frilled lizards
  A leopard gecko skeleton (D:4)
  8 rats
258 creatures vanquished.

Vanquished Creatures (collateral kills)
  A hydra (D:11)
  A necrophage (D:11)
2 creatures vanquished.

Grand Total: 260 creatures vanquished
